[Event "Indian FIDE World Cup Qualifer 2021"]
[White "Nitin, S."]
[Black "Aditya, Mittal"]
[WhiteFideId "5018277"]
[BlackFideId "35042025"]
[WhiteElo "2381"]
[BlackElo "2438"]
[Result "1-0"]
[Round "04"]
[TimeControl "5400+30"]
[Date "Thu May 27 2021"]
[WhiteClock "0:12:07"]
[BlackClock "0:07:12"]

1. e4 c5 2. b3 Nc6 3. Bb2 d6 4. Bb5 Bd7 5. f4 a6 6. Bxc6 Bxc6 7. Nc3 Nf6 8. Qe2 e6 9. Nf3 b5 10. e5 Nd7 11. exd6 Bxd6 12. Ne4 Bxf4 13. Bxg7 Rg8 14. Bb2 Qe7 1-0

[Event "Women's Speed Chess Championship - Qualifier 2 2021"]
[White "Osmak, Iulija"]
[Black "Eswaran, Ashritha"]
[WhiteFideId "14101602"]
[BlackFideId "2080788"]
[WhiteElo "2149"]
[BlackElo "2478"]
[Result "0-1"]
[Round "13"]
[TimeControl "180+1"]
[Date "Sat May 29 2021"]
[WhiteClock "0:00:03"]
[BlackClock "0:00:14"]

1. e4 c5 2. b3 Nc6 3. Bb2 e6 4. f4 d5 5. e5 d4 6. g3 h5 7. Nf3 h4 8. Bg2 hxg3 9. hxg3 Rxh1+ 10. Bxh1 Nh6 11. Qe2 Bd7 12. Na3 a6 13. O-O-O b5 14. c3 Qa5 15. Kb1 c4 16. b4 d3 17. bxa5 dxe2 18. Re1 Nf5 19. g4 Ng3 20. Bg2 Bc5 21. Nd4 b4 22. Nac2 b3 23. axb3 cxb3 24. Nxb3 Bf2 25. Rc1 Rb8 26. Ka2 Rb5 27. Bf3 Nxa5 28. Nxa5 Rxa5+ 29. Ba3 Ba4 30. Ne1 Bd1 31. Nd3 Bb6 32. Rxd1 exd1=Q 33. Bxd1 Rd5 34. Bc2 Ne2 35. Bd6 Rxd3 36. Bxd3 Nc1+ 37. Ka3 Nxd3 38. f5 exf5 39. gxf5 g6 40. fxg6 fxg6 41. Kb3 a5 42. Kc4 Nf4 43. Kb5 Bf2 44. Kxa5 Be1 45. Kb5 Bxd2 46. c4 g5 47. c5 Ne6 48. c6 Kd8 49. Kb6 g4 50. Kb7 g3 51. c7+ Nxc7 52. Bxc7+ Ke7 53. Bb6 Be1 54. Bc5+ Ke6 55. Kc6 Bf2 0-1